 Dungeon Crawl Stone Soup version 0.29.1-2-gbd0b4ee654 (webtiles) character file.

Game seed: 6507091016188982613

4 mortz the Trooper (level 1, -1/14 HPs)
             Began as a Gargoyle Monk on Nov 4, 2022.
             Slain by a jackal (3 damage)
             ... on level 1 of the Dungeon.
             The game lasted 00:00:40 (220 turns).

mortz the Trooper (Gargoyle Monk)                    Turns: 220, Time: 00:00:41

Health: -1/14      AC:  4    Str: 14    XL:     1   Next: 70%
Magic:  1/1        EV: 12    Int: 10    God:
Gold:   0          SH:  0    Dex: 12    Spells: 0/0 levels left

rFire   . . .      SeeInvis .   a - +0 mace
rCold   . . .      Faith    .   (no shield)
rNeg    + . .      Spirit   .   b - +0 robe
rPois   ∞          Reflect  .   (no helmet)
rElec   +          Harm     .   (no cloak)
rCorr   .          Rampage  .   (no gloves)
Will    .....                   (no boots)
Stlth   ++........              (no amulet)
HPRegen 0.04/turn               (no ring)
MPRegen 0.07/turn               (no ring)

@: no status effects
A: sickness immunity, AC +2, negative energy resistance 1, electricity
resistance, torment resistance 1, petrification resistance
a: no special abilities


You were on level 1 of the Dungeon.
You visited 1 branch of the dungeon, and saw 1 of its levels.

Inventory:

Hand Weapons
 a - a +0 mace (weapon)
Armour
 b - a +0 robe (worn)
Scrolls
 d - a scroll of blinking {unknown}
 e - a scroll of teleportation {unknown}
Potions
 c - a potion of ambrosia


   Skills:
 + Level 3.3 Fighting
 + Level 3.1 Maces & Flails
 + Level 2.5 Dodging
 + Level 2.2 Stealth


You couldn't memorise any spells.
You didn't know any spells.
Your spell library was empty.

Dungeon Overview and Level Annotations

Branches:
Dungeon (1/15) Zot: 5775

Altars:


Innate Abilities, Weirdness & Mutations

You are immune to sickness and miasma.
Your stone body is resilient. (AC +2)
You are immune to poison.
You resist negative energy. (rN+)
You are resistant to electric shocks. (rElec)
You are resistant to unholy torment.
You are immune to petrification.


Message History

You sock the goblin!
You kill the goblin!
Things that are here:
a +0 dagger; a hobgoblin corpse; a frilled lizard corpse HP restored.
Found a faded altar of an unknown god.
A quokka comes into view.
A quokka is nearby!
A kobold comes into view.
It is wielding a +0 short sword. 2 jackals come into view.
The kobold shouts!
The jackal barks!
You hear a shout!
The jackal barks!
A bat comes into view.
A goblin comes into view. It is wielding a +0 dagger.
You hit the quokka.
The quokka is heavily wounded.
The quokka bites you.
You miss the quokka.
The quokka is heavily wounded.
You hit the quokka.
The quokka is severely wounded.
The quokka barely misses you. The quokka bites you.
You barely miss the quokka.
The quokka is severely wounded.
The quokka twitches its whiskers.
The quokka bites you.
* * * LOW HITPOINT WARNING * * *
The quokka barely misses you.
You hit the quokka.
You kill the quokka!
The jackal barely misses you.
Okay, then.
You hit the jackal but do no damage. The jackal bites you.
* * * LOW HITPOINT WARNING * * *
The jackal bites you.
* * * LOW HITPOINT WARNING * * *
The jackal attacks as you move away!
You closely miss the jackal.
The bat hits the withered plant.
The withered plant begins to crumble.
The bat hits the withered plant.
The jackal bites you.
You die...

#...###
###..PP.P.###
#..#.# .#..P....#.
#.#.## .....P...#
##...## .PP.....#
##...# ...... ###.#
.Kg. #.#
#####b##### #.####
#...Phh...# #..).##
#...@PP...#
####..###P...P....#
##...#.PP....P.#
##...#PP.....#..
#....#P......# ..
#....#P....P.# .
#.....##.P.##.#
#.....##..P# ##
##..... ###.#


You could see 2 jackals, a goblin, a bat and a kobold.

Vanquished Creatures
  A goblin (D:1)
  A hobgoblin (D:1)
  A quokka (D:1)
  A frilled lizard (D:1)
4 creatures vanquished.

Vanquished Creatures (others)
  A fungus (D:1)
1 creature vanquished.

Grand Total: 5 creatures vanquished

Notes
Turn   | Place    | Note
-------+----------+-------------------------------------------
     0 | D:1      | mortz the Gargoyle Monk began the quest for the Orb.
     0 | D:1      | Reached XP level 1. HP: 14/14 MP: 1/1
   203 | D:1      | Found a faded altar of an unknown god.
   220 | D:1      | Slain by a jackal

Illustrated notes

Levels and vault maps discovered:
D:1:      lemuel_arrival_tunnels, layout_basic, serial_shops,
          nicolae_shop_temple_entry_statues_fountains,
          shapermc_ecumenical_altar_gd, minmay_heptomino_h4

Action                   || total
-------------------------++-------
Melee: Mace              ||    15
Armor: Robe              ||     4
Dodge: Dodged            ||     7
